Cogmind - Beta 17 @@@ ROGUE MODE // 2026.07.07 @ 00:23:38 Player: Robbedoes2000 Result: Self-destructed Performance ------------- Evolutions (1) 500 Regions Visited (2) 400 Robots Destroyed (10) 50 Value Destroyed (169) 169 Prototype IDs (0) 0 Alien Tech Used (0) 0 Bonus (0) 0 TOTAL SCORE: 1119 Bonus ------- None Cogmind --------- Core Integrity 352/400 Matter 179/300 Energy 125/125 System Corruption 0% Temperature Cool (18) Movement Treading (160) Location -9/Materials Parts ------- > --- POWER (1) -------- Light Ion Engine > --- PROPULSION (3) --- Light Treads Light Treads Aluminum Leg > --- UTILITY (3) ------ Large Storage Unit Seismic Detector Light Armor Plating > --- WEAPON (2) ------- Autogun Autogun > --- INVENTORY (15) --- Light Ion Engine Aluminum Leg Medium Storage Unit Large Storage Unit Transport Network Coupler Targeting Computer Assault Rifle Autogun Autogun Rocket Launcher Rocket Launcher Peak State ------------ > --- POWER ------------ Ion Engine > --- PROPULSION ------- Light Treads Aluminum Leg Aluminum Leg > --- UTILITY ---------- Small Storage Unit Seismic Detector Light Armor Plating > --- WEAPON ----------- Autogun Autogun > --- INVENTORY -------- Light Ion Engine Light Treads Assault Rifle Autogun Autogun Rocket Launcher Rocket Launcher [Rating: 12] Favorites ----------- Power Ion Engine Engine Ion Engine Propulsion Aluminum Leg Treads Light Treads Leg Aluminum Leg Utility Seismic Detector Device Seismic Detector Storage Small Storage Unit Protection Light Armor Plating Weapon Autogun Energy Gun Small Laser Ballistic Gun Autogun Build | -11 -10 -9 ------- Run | Yrd Mat Mat Slots Evolved 2 | . . 2 Power . | . . . Propulsion 1 | . . 1 Utility 1 | . . 1 Weapon . | . . . Parts Attached 15 | 7 2 6 Power 2 | 1 . 1 Engine 2 | 1 . 1 Core . | . . . Reactor . | . . . Propulsion 4 | 2 . 2 Treads 2 | . . 2 Leg 2 | 2 . . Wheel . | . . . Hover . | . . . Flight . | . . . Utility 5 | 2 . 3 Device 1 | 1 . . Storage 3 | 1 . 2 Processor . | . . . Hackware . | . . . Protection 1 | . . 1 Artifact . | . . . Weapon 4 | 2 2 . Energy Gun 1 | 1 . . Energy Cannon . | . . . Ballistic Gun 3 | 1 2 . Ballistic Cannon . | . . . Launcher . | . . . Special Weapon . | . . . Impact Weapon . | . . . Slashing Weapon . | . . . Piercing Weapon . | . . . Special Melee Weapon . | . . . Unidentified Prototypes . | . . . Parts Lost . | . . . Power . | . . . Propulsion . | . . . Utility . | . . . Weapon . | . . . Highest Loss Streak . | . . . To Critical Strikes . | . . . Average Backups 6 | 3 5 7 Power . | . 1 1 Propulsion 1 | 1 2 1 Utility . | . . . Weapon 3 | . 2 5 Tool/Special . | . . . Unused Backups 8 | . . 8 Power 1 | . . 1 Propulsion . | . . . Utility 2 | . . 2 Weapon 5 | . . 5 Tool/Special . | . . . Average Slot Usage (%) 98 | . 100 97 Engine 11 | . 14 11 Treads 9 | . . 13 Leg 21 | . 28 19 Device 11 | . 14 11 Storage 11 | . 14 11 Protection 6 | . . 8 Energy Gun 2 | . 8 . Ballistic Gun 21 | . 20 22 Peak Build Rating 12 | 7 10 12 Average Rating 9 | 5 8 11 On Entrance 5 | . 7 10 Avg Prop Armor Cover (%) 6 | . . 6 Naked Turns . | . . . Heaviest Build 33 | 13 17 33 Greatest Support 40 | 20 20 40 Greatest Overweight (x) . | . . . Average Overweight (x) . | . . . Largest Inventory Capacity 15 | 8 8 15 Average Capacity 8 | 7 8 9 Most Carried 11 | 4 8 11 Average Carried 6 | 3 5 7 Final Capacity 15 | 8 8 15 Final Carried 11 | 4 8 11 Class Distribution -------------------- 92% | Mutant 7% | Scavenger-Mutant Dominant Class ---------------- Mutant | -10/Materials Mutant | -9/Materials Resources | -11 -10 -9 ----------- Run | Yrd Mat Mat Matter Collected 394 | 147 . 247 Remotely . | . . . Salvage Created 278 | 20 . 258 Parts 29 | 4 . 25 Haulers Intercepted 1 | . . 1 Recyclers Shooed . | . . . Parts Field Recycled . | . . . Retrieved Matter . | . . . Parts Self-Destructed . | . . . Prevented . | . . . Parts Restored . | . . . Kills | -11 -10 -9 ------- Run | Yrd Mat Mat Combat Hostiles Destroyed 8 | . . 8 Guns 8 | . . 8 Classes Destroyed 4 | 1 . 3 Tunneler 1 | 1 . . Hauler 1 | . . 1 Swarmer 6 | . . 6 Sentry 2 | . . 2 Best Kill Streak 4 | 1 . 4 Combat Bots Only 4 | . . 4 Max Kills in Single Turn 1 | 1 . 1 Gunslinging . | . . . Exploded . | . . . Melee . | . . . Uniques/NPCs Destroyed . | . . . Combat | -11 -10 -9 -------- Run | Yrd Mat Mat Hostile Shots Fired 42 | . . 42 Missed 15 | . . 15 Hits 27 | . . 27 Projectile 27 | . . 27 Damage Taken 276 | . . 276 Core 48 | . . 48 Absorbed by Shields . | . . . Core Remaining (%) 100 | 100 100 . Volleys Fired 25 | 5 . 20 Largest 2 | 2 . 2 Hottest 60 | 60 . 46 Shots Fired 50 | 10 . 40 Gun 50 | 10 . 40 Cannon . | . . . Launcher . | . . . Special . | . . . Kinetic 45 | 5 . 40 Thermal 5 | 5 . . Explosive . | . . . Electromagnetic . | . . . Robot Hit Streak 12 | 4 . 12 Robot Miss Streak 2 | 1 . 2 Penetration Max . | . . . Secondary Targets 2 | . . 2 Max Gunslinging Chain 1 | . . 1 Shots Hit Robots 33 | 7 . 26 Core Hits 15 | 3 . 12 Critical Kills . | . . . Critical Parts Destroyed . | . . . Critical Strikes . | . . . Melee Attacks . | . . . Impact . | . . . Slashing . | . . . Piercing . | . . . Sneak Attacks . | . . . Combat Hostiles . | . . . Follow-up Attacks . | . . . Damage Inflicted 456 | 68 . 388 Guns 456 | 68 . 388 Cannons . | . . . Explosions . | . . . Melee . | . . . Ramming . | . . . Kinetic 424 | 36 . 388 Thermal 32 | 32 . . Explosive . | . . . Electromagnetic . | . . . Impact . | . . . Slashing . | . . . Piercing . | . . . Highest Corruption . | . . . Average Corruption . | . . . Corruption Purged . | . . . Corruption Blocked . | . . . Overload Shots . | . . . Overflow Damage . | . . . Projectiles . | . . . Explosions . | . . . Melee . | . . . Knockbacks . | . . . Impact . | . . . Kinetic . | . . . Secondary . | . . . Self-Inflicted Damage . | . . . Shots . | . . . Rammed . | . . . Targets Rammed . | . . . Kicked . | . . . Crushed . | . . . Highest Temperature 21 | 20 . 21 Average Temperature 9 | 13 . 7 Received Heat Transfer 39 | . . 39 Siege Activations . | . . . Martial Activations . | . . . Shielding Activations . | . . . Robots Disrupted . | . . . Combat Hostiles . | . . . Robots Corrupted . | . . . Combat Hostiles . | . . . Parts Fried . | . . . Impact Corruptions . | . . . Robots Melted . | . . . Combat Hostiles . | . . . Parts Melted . | . . . Heat Transferred 75 | 75 . . Parts Sabotaged . | . . . Parts Stolen . | . . . Parts Stripped . | . . . Power Chain Reactions . | . . . Alert | -11 -10 -9 ------- Run | Yrd Mat Mat Maximum Alert Level . | . . . Low Security (%) 100 | 100 100 100 Level 1 . | . . . Level 2 . | . . . Level 3 . | . . . Level 4 . | . . . Level 5 . | . . . High Security . | . . . Max Security . | . . . Peak Influence 148 | 5 7 148 Initial . | . . . Average 39 | . . 65 Influence Increases 278 | 5 7 266 Destroy 0b10 Robot/C 160 | . . 160 Destroy 0b10 Robot/NC 10 | 5 . 5 Destroy Leader 42 | . . 42 Successful Hack 20 | . 7 13 Disable Machine 15 | . . 15 Destroy Structure 1 | . . 1 Lose Combat Pursuer 30 | . . 30 Influence Decreases 168 | 5 7 156 Time Decay 168 | 5 7 156 Squads Dispatched 1 | . . 1 Investigation . | . . . Extermination . | . . . Reinforcement 1 | . . 1 Assault . | . . . Garrison . | . . . Intercept . | . . . Searches Triggered . | . . . Construction Impeded . | . . . Haulers Reinforced . | . . . Active Scanning Responses . | . . . Cargo Convoy Interrupts . | . . . Stealth | -11 -10 -9 --------- Run | Yrd Mat Mat Distress Signals . | . . . Communications Jammed . | . . . Distress Signals . | . . . Times Spotted 15 | . 1 14 Peak Tracking Total 4 | . 2 4 Tactical Retreats 2 | . . 2 Traps | -11 -10 -9 ------- Run | Yrd Mat Mat Traps Triggered . | . . . Indirectly . | . . . Trap Hack Attempts . | . . . Triggered . | . . . Disarmed . | . . . Reprogrammed . | . . . Reused . | . . . Traps Extracted . | . . . Installed . | . . . Triggered . | . . . Machines | -11 -10 -9 ---------- Run | Yrd Mat Mat Machines Disabled 1 | . . 1 Max in Single Turn 1 | . . 1 Machines Repaired . | . . . Machines Dismantled . | . . . Machines Sabotaged . | . . . Overloaded Fab Kills . | . . . Hacking | -11 -10 -9 --------- Run | Yrd Mat Mat Machines Accessed 5 | . 1 4 Terminals 5 | . 1 4 Fabricators . | . . . Repair Stations . | . . . Recycling Units . | . . . Scanalyzers . | . . . Garrison Access . | . . . Total Hacks 15 | . 1 14 Successful 9 | . 1 8 Failed 6 | . . 6 Catastrophic . | . . . Database Lockouts . | . . . Manual . | . . . Terminals 15 | . 1 14 Fabricators . | . . . Repair Stations . | . . . Recycling Units . | . . . Scanalyzers . | . . . Garrison Access . | . . . Terminal Hacks 9 | . 1 8 Record 2 | . . 2 Branch Access Points 1 | . 1 . Emergency Access Points 2 | . . 2 Locate Traps 2 | . . 2 Recall Investigation 1 | . . 1 Zone Layout 1 | . . 1 Fabricator Hacks . | . . . Repair Station Hacks . | . . . Recycling Unit Hacks . | . . . Scanalyzer . | . . . Garrison Access Hacks . | . . . Unauthorized Hacks . | . . . Terminals . | . . . Fabricators . | . . . Repair Stations . | . . . Recycling Units . | . . . Scanalyzers . | . . . Garrison Access . | . . . Data Cores Recovered . | . . . Used . | . . . Hacking Detections 3 | . . 3 Full Trace Events . | . . . Feedback Events . | . . . Feedback Blocked . | . . . Robot Schematics Acquired . | . . . Robots Built . | . . . Authchips . | . . . Time . | . . . Total Robot Build Rating . | . . . Part Schematics Acquired . | . . . Parts Built . | . . . Authchips . | . . . Time . | . . . Total Part Build Rating . | . . . Part Studies Acquired . | . . . Parts Repaired . | . . . Time . | . . . Parts Recycled . | . . . Recycled Matter . | . . . Retrieved Matter . | . . . Retrieved Components . | . . . Parts Scanalyzed . | . . . Part Schematics Acquired . | . . . Parts Damaged . | . . . Bothacking | -11 -10 -9 ------------ Run | Yrd Mat Mat Used RIF Installer . | . . . Robots Hacked . | . . . Non-combat . | . . . Combat . | . . . Robot Hacks Applied . | . . . Relay Couplers Released . | . . . Fabnet Peak Effective % . | . . . Robots Rewired . | . . . Allies Hacked . | . . . Hacks Repelled . | . . . Allies | -11 -10 -9 -------- Run | Yrd Mat Mat Total Allies . | . . . Largest Group . | . . . Highest-Rated Group . | . . . Highest-Rated Ally . | . . . Total Orders . | . . . Ally Attacks . | . . . Total Damage . | . . . Kills . | . . . Allies Corrupted . | . . . Allies Melted . | . . . Intel | -11 -10 -9 ------- Run | Yrd Mat Mat Active Infowar (turns) 508 | 17 128 363 Seismic 508 | 17 128 363 Robot Analysis Total . | . . . Derelict Logs Recovered . | . . . Drone Launches . | . . . Drone Recoveries . | . . . Exploration | -11 -10 -9 ------------- Run | Yrd Mat Mat Turns Passed 603 | 112 128 363 Spaces Moved 373 | 68 100 205 Core 15 | 15 . . Treads 52 | . . 52 Legs 306 | 53 100 153 Wheels . | . . . Hover . | . . . Flight . | . . . Fastest Speed 50 | 50 120 120 Average Speed 122 | 104 120 130 Slowest Speed 160 | 120 120 160 Overloaded Moves . | . . . Propulsion Burnouts . | . . . Robots Hopped . | . . . Potential Cave-ins . | . . . Cave-ins Triggered . | . . . Exploration Rate (%) 17 | 3 21 27 Regions Visited 2 Branch Regions . Pre-discovered Areas . | . . . Known Exits Taken . | . . . Unknown Exits Taken 2 | 1 1 . Scrap Searched . | . . . Spaces Dug . | . . . Terrain Destroyed . | . . . Melee . | . . . Projectile . | . . . AOE . | . . . Terrain Rammed . | . . . Walls Destroyed . | . . . Machines Disabled . | . . . Actions | -11 -10 -9 --------- Run | Yrd Mat Mat Total 472 | 96 108 268 Wait 46 | 13 1 32 Move 371 | 67 99 205 Hop . | . . . Pick Up 11 | 4 4 3 Fast Attach 10 | 7 2 1 Attach 1 | . . 1 Detach . | . . . Swap 4 | . . 4 Drop 4 | . 2 2 Fire 25 | 5 . 20 Melee . | . . . Ram . | . . . Kick . | . . . Crush . | . . . Escape Stasis . | . . . Rewire . | . . . Trap . | . . . Miscellaneous . | . . . Route ------- -11/Scrapyard -10/Materials (discovered 2 exits: *Mat / Min) -9/Materials History --------- Turn | Location | Event 9 | -11/Scrapyard | Discovered new exit (range 14) 113 | -11/Scrapyard | Entered Materials 129 | -10/Materials | Identified exit to Mines 232 | -10/Materials | Discovered new exit (range 7) 241 | -10/Materials | Entered another Materials area 241 | -9/Materials | Evolved 2 slots: Propulsion x1, Utility x1 300 | -9/Materials | Build established: Mutant 604 | -9/Materials | Self-destructed Last Messages --------------- 00467_ Switching to secondary target: S-10 Pest. 00470_ S-10 Pest destroyed. 00470_ Switching to secondary target: S-10 Pest. 00472_ S-10 Pest destroyed. 00476_ Acquired 19 matter. 00477_ Acquired 13 matter. 00481_ S-10 Pest destroyed. 00482_ K-01 Serf collects debris. 00498_ Acquired 13 matter. 00500_ K-01 Serf collects debris. 00506_ A-02 Transporter destroyed. 00507_ K-01 Serf collects debris. 00510_ Acquired 50 matter. 00510_ K-01 Serf collects debris. 00512_ Dropped Sml. Storage Unit. 00515_ K-01 Serf collects debris. 00518_ Acquired Transport Network Coupler. 00519_ K-01 Serf collects debris. 00567_ Acquired Lrg. Storage Unit. 00602_ Electrolysis Chamber disabled. Map ----- +----------------------------------------------------+ | ??????????######### ##?#] """ # ##### | | ??????????????????# #??# """ # ?? | | ??????????????????# #??# + ### ????? | | ??????????????????# #??# """ ! # #?# ????? | | ??????????????????# #??# """ # #?# ????? | | ??????????????????# #??#! """ # #?# ????? | | ??????????????????# #??# # #?# ????? | | ??????????????????# ############# #?# ????? | | ???????????######## %= #?# ????? | | ???????????# # * = #?# ????? | | ???????????# # =[ #?# ????? | | ???????????#!! + [###+###########????????? | | ???????????#!! # # #????????????????? | | ???????????#!! # r# #????????????????? | | ???????????# # # #????????????????? | | ???????????#+###### m#![ #????????????????? | | ???????????# #????# #! ! #????????????????? | | ???????????# #????# #*[= #????????????????? | | ???????????# ###### # = #????????????????? | | ???????????# # #????????????????? | | ????????#### # #????????????????? | | ???????##! """" # #????????????????? | | ???????#! ""R" # #????????????????? | | ???????# "" " # #????????????????? | | ???????# #######????????????????? | | ???????#! ^ @#??????????????????????? | | ???????##! l#??????????????????????? | | ????????#### """ #########??????????????? | | ???????????# """ ???????? | | ???????????# "" g ???????? | | ???????????# g ???????? | | ???????????# ###########+###????????? | | ???????????# ########??????????????????????? | | ???????????# #?????????????????????????????? | | ???????????# #?????????????????????????????? | | ???????????# ?????????????????????????????? | | ???????????# ?????????????????????????????? | | ???????????# ????????????????????????????? | | ???????????# ????????????????????????????? | | ???????????+ *???????????????????????????? | | ???????????# *???????????????????????????? | | ???????????# ####??????????????????????????? | | ???????????? #?????????????????????????????? | | ???????????? #?????????????????????????????? | | ???????????? ??????????????????????????????? | | ?????????????????????????????????????????????? | | ?????????????????????????????????????????????? | | ?????????????????????????????????????????????? | | ?????????????????????????????????????????????? | | ?????????????????????????????????????????????? | +----------------------------------------------------+ Best States ------------- Heat Dissipation 28 Energy Generation 10 Energy Capacity 250 Matter Stores 197 Matter Capacity 300 Sight Range 16 Terrain Scan Density 10 Armor Coverage 150 Evasion (%) 55 Recoil Reduction 2 Item Schematics ----------------- None Robot Schematics ------------------ None Fabricated ------------ Nothing Repaired ---------- Nothing Studied --------- None Alien Tech Used ----------------- None Achievements -------------- None Challenges ------------ None Game ------ Seed BoreTachyonFacilitator Manual? 0 Play Time 00:10:25 Cumulative 7.0 hours Start 2026.07.07 @ 00:07:19 End 2026.07.07 @ 00:23:38 Sessions 1 Manual Loads 0 Difficulty Rogue Special Mode None Game No. 13 Rogue 13 Adventurer 0 Explorer 0 Win Type - Total 0 Types 0/0/0/0/0/0/0/0/0/0 Lore% 19 Gallery% 21 Achievement% 18 Wizard Run 0 Options --------- Layout 0 ASCII 0 Keyboard 0 Movement Mouse Keybinds 0 Fullscreen 2 Font 24/Smallcaps Map View 76x50 Zoom Use 0% Tactical HUD 1 Map Filters NONE Filters NONE Steam 1 RUN: 6a893e24-d347-4c8b-b9cf-ffb0cd45f9c1